 Dungeon Crawl Stone Soup version 0.31-a0-1066-g35875b34c7 (webtiles) character file.

Game seed: 3297209481209012929

175086 Gargoyl the Fencer (level 17, -2/106 HPs)
             Began as a Gargoyle Berserker on Nov 13, 2023.
             Was a High Priest of Trog.
             Slain by a vault guard
             ... wielding a +1 great sword of distortion
             ... led by a vault warden
              (14 damage)
             ... on level 1 of the Vaults on Nov 22, 2023.
             The game lasted 00:42:50 (26675 turns).

Gargoyl the Fencer (Gargoyle Berserker)            Turns: 26675, Time: 00:42:52

Health: -2/106     AC: 29    Str: 23    XL:     17   Next: 80%
Magic:  17/17      EV: 25    Int:  8    God:    Trog [*****.]
Gold:   2786       SH:  0    Dex: 18    Spells: 16/16 levels left

rFire   + . .        p - +6 Maxwell's thermic engine {flame, freeze, rev}
rCold   . . .        A - +4 kite shield of Sophism {+Blink rCorr Dex+3}
rNeg    + . .        z - +0 steam dragon scales
rPois   ∞            (no helmet)
rElec   +            D - +0 cloak
rCorr   +            y - +1 pair of gloves
SInv    .            b - +2 pair of boots
Will    +++..        t - amulet of reflection
Stlth   ++           M - ring of protection from fire
HPRegen 1.37/turn    G - +5 ring of evasion
MPRegen 0.15/turn

%: reflection
@: confused, about to teleport, ambrosia-drunk, strong-willed (expiring), on
berserk cooldown, flying, regenerating (expiring), slowed, very slow
A: sickness immunity, AC +12, big wings, negative energy resistance 1,
electricity resistance, torment resistance 1, petrification resistance, sturdy
frame 1
}: 1/15 runes: decaying
a: Renounce Religion, Evoke Blink, Berserk, Trog's Hand, Brothers in Arms


You were on level 1 of the Vaults.
You worshipped Trog.
Trog was extremely pleased with you.
You visited 5 branches of the dungeon, and saw 27 of its levels.

You collected 2786 gold pieces.

Inventory:

Hand Weapons
 p - the +6 Maxwell's thermic engine (weapon) {flame, freeze, rev}
   (You found it on level 3 of the Dungeon)
 H - a +5 hand axe of freezing
 T - a +3 spectral broad axe
 W - the +6 bardiche "Bytyelat" {heavy, rC+}
   (You found it on level 11 of the Dungeon)

   rC+:       It protects you from cold.
Missiles
 r - 6 poisoned darts
 U - 6 curare-tipped darts (quivered)
Armour
 b - a +2 pair of boots (worn)
 y - a +1 pair of gloves (worn)
 z - +0 steam dragon scales (worn)
 A - the +4 kite shield of Sophism (worn) {+Blink rCorr Dex+3}
   (You acquired it on level 8 of the Dungeon)

   Dex+3:     It affects your dexterity (+3).
   +Blink:    It lets you blink.
   rCorr:     It protects you from acid and corrosion.
 D - a +0 cloak (worn)
Jewellery
 t - an amulet of reflection (around neck)
 C - an amulet of guardian spirit
 G - a +5 ring of evasion (right hand)
 M - a ring of protection from fire (left hand)
 N - a +6 ring of intelligence
 P - an amulet of regeneration
 Q - a +6 ring of dexterity
Wands
 j - a wand of flame (46)
 v - a wand of polymorph (21)
 x - a wand of mindburst (22)
 F - a wand of digging (16)
 I - a wand of charming (13)
 J - a wand of roots (27)
 O - a wand of quicksilver (5)
Scrolls
 c - a scroll of enchant armour
 e - 4 scrolls of fog
 h - 3 scrolls of teleportation
 i - 12 scrolls of identify
 k - 4 scrolls of revelation
 l - a scroll of summoning
 q - 3 scrolls of poison
 u - 5 scrolls of silence
 L - 2 scrolls of fear
Potions
 a - a potion of mutation
 d - 8 potions of haste
 f - 7 potions of curing
 g - a potion of cancellation
 m - 2 potions of enlightenment
 n - 4 potions of berserk rage
 o - a potion of invisibility
 s - 5 potions of might
 w - a potion of lignification
 B - a potion of magic
 E - 3 potions of resistance
 K - 7 potions of ambrosia


   Skills:
 + Level 12.2 Fighting
 + Level 15.9 Long Blades
 + Level 5.0 Axes
 + Level 1.1 Throwing
 * Level 14.7 Armour
 * Level 13.0 Dodging
 + Level 6.8 Stealth
 + Level 13.8 Shields


You had 16 spell levels left.
You didn't know any spells.
Your spell library was empty.

Dungeon Overview and Level Annotations

Branches:
Dungeon (15/15)            Temple (0/1) D:7            Lair (5/5) D:8
  Swamp (4/4) Lair:2       Spider (0/4) Lair:2        Slime (0/5) Lair:4
    Orc (2/2) D:11            Elf (0/3) Orc:2        Vaults (1/5) D:14
 Depths (0/4) D:15

Altars:
Ashenzari
Elyvilon
Fedhas
Gozag
Hepliaklqana
Kikubaaqudgha
Okawaru
Qazlal
Ru
Sif Muna
Trog
Xom
Yredelemnul
Zin
The Shining One
Jiyva

Shops:
D:2 [   D:11 *   D:15 *   Orc:2 =(=(

Portals:
Trove: D:11 (give 3 scrolls of blinking)

Annotations:
D:10 1 runed translucent door
D:12 4 transporters


Innate Abilities, Weirdness & Mutations

You are immune to sickness and miasma.
Your stone body is resilient. (AC +12)
You are immune to poison.
Your large and strong wings let you fly.
You resist negative energy. (rN+)
You are resistant to electric shocks. (rElec)
You are resistant to unholy torment.
You are immune to petrification.
Your movements are slightly less encumbered by armour. (ER -2)


Message History

Unknown command.
You feel the effects of Trog's Hand fading.
You block the vault guard's attack. You block the orc knight's attack.
Your two-headed ogre hits the orc warlord with a +0 giant spiked club!!
Your two-headed ogre hits the orc warlord with a +0 giant club!
You block the orc knight's attack.
The vault guard hits you with a +1 great sword of distortion.
Things that are here:
a +3 war axe; a +2 plate armour of fire resistance; an orc corpse You barely miss the orc knight.
Your two-headed ogre hits the orc warlord with a +0 giant spiked club!!
Your two-headed ogre hits the orc warlord with a +0 giant club!!
You block the orc warlord's attack.
The vault guard hits you with a +1 great sword of distortion.
Space warps horribly around you!!
* * * LOW HITPOINT WARNING * * *
A vault sentinel comes into view. It is wielding a +0 long sword.
You block the orc knight's attack.
Okay, then.
As you read the scroll of teleportation, it crumbles to dust.
You feel strangely unstable.
The orc knight no longer looks unusually strong.
Your two-headed ogre hits the orc warlord with a +0 giant spiked club!!!
The orc warlord dies!
Trog accepts your kill. You block the vault guard's attack.
You block the orc knight's attack.
You are confused.
You feel invigorated.
The orc knight hits you with a +1 halberd!
* * * LOW HITPOINT WARNING * * *
The vault guard closely misses you.
The vault sentinel casts a spell at you.
You resist with some effort.
Your two-headed ogre hits the vault guard with a +0 giant spiked club!!
Your two-headed ogre barely misses the vault guard.
The vault sentinel blows a loud note on a signal horn!
The orc knight hits you with a +1 halberd!
* * * LOW HITPOINT WARNING * * *
The vault guard hits you with a +1 great sword of distortion!
You die...

#........ #.......
#..p... #.....#
#.....# #.....#
#.....#########
.'.#.....#.......
.'.'..o@p#.#.#.#.#.#
.'.#...)O'..........
#...))#.#.#.#.#.#
#.....#.......
#.....#.#.#.#.#
#.....#.........
#.....#.#.#.#.#.#
#.....+..........
#.....#.#.# #.#.


You could see a vault guard (ally target), an orc knight, a vault sentinel
(catching breath) and a friendly two-headed ogre (summoned, berserk).

Vanquished Creatures
  Rupert (D:13)
  Mlioglotl (Swamp:1)
  A lich (Vaults:1)
  A thorn hunter (Swamp:4)
  Kirke (Swamp:1)
  2 azure jellies (D:15)
  The ghost of ChronoRanger the Warrior, a journeyman MiFi of Makhleb (Swamp:2)
  A rockslime (D:15)
  A quicksilver ooze (D:15)
  2 ironbound preservers (Vaults:1)
  An orc warlord (Vaults:1)
  4 eleionomae
  A dire elephant (Lair:5)
  The ghost of dertzug the Brawler, a journeyman TrSh of Hepliaklqana (D:15)
  6 bunyips
  The ghost of Cois the Martial Artist, a journeyman DsGl of Ru (Orc:1)
  A deep elf death mage (Vaults:1)
  2 shambling mangroves (Swamp:4)
  Snorg (D:11)
  2 fire dragons
  3 vault guards (D:14)
  19 hydras
  A great orb of eyes (Vaults:1)
  A rakshasa (D:15)
  2 centaur warriors
  An ogre mage (D:15)
  7 alligators
  A boulder beetle (D:14)
  2 catoblepae
  8 two-headed ogres
  A ghost crab (Swamp:2)
  3 tengu warriors
  A skeletal warrior (D:14)
  A fire crab (shapeshifter) (D:15)
  4 skysharks
  3 goliath frogs
  2 glowing orange brains
  5 spriggan druids
  3 arcanists (D:14)
  10 swamp dragons (Swamp:4)
  5 bog bodies
  A deep troll (Vaults:1)
  4 lindwurms
  A deep elf pyromancer (D:14)
  Pikel (D:4)
  12 orc knights
  4 orc sorcerers
  12 ugly things
  Maurice (D:9)
  A moth of wrath (D:11)
  3 manticores
  7 elephants
  A will-o-the-wisp (Swamp:2)
  2 cyclopes
  Joseph (D:8)
  10 black mambas
  Maggie (D:9)
  2 vault sentinels (Vaults:1)
  2 molten gargoyles (Lair:5)
  An unseen horror (D:10)
  2 torpor snails
  6 cane toads
  6 yaktaurs
  A freezing wraith (D:15)
  A rime drake (Lair:4)
  2 tengu conjurers
  A kobold demonologist (D:10)
  13 komodo dragons
  4 polar bears
  A meliai (D:12)
  6 trolls
  A queen bee (D:12)
  8 tyrant leeches
  A wind drake (shapeshifter) (D:15)
  7 hornets
  3 dream sheep (Lair:4)
  8 blink frogs
  29 slime creatures
  A jumping spider (Lair:2)
  A water elemental (D:14)
  6 spriggans
  A spriggan (shapeshifter) (D:13)
  6 wyverns
  4 shadows
  2 vampires
  A hog (shapeshifter) (D:15)
  7 steam dragons
  6 basilisks
  3 fire bats (Orc:1)
  3 hogs (Swamp:1)
  17 humans (D:14)
  61 yaks
  2 redbacks (Lair:2)
  9 vampire mosquitoes
  5 wargs
  Menkaure (D:4)
  14 swamp worms
  12 water moccasins
  3 hell hounds (Lair:5)
  6 swamp drakes
  An ice beast (D:5)
  34 orc warriors
  4 black bears
  13 wolves
  9 centaurs
  8 ogres
  A phantom (D:5)
  Blork the orc (D:4)
  3 kobold brigands (D:10)
  21 bullfrogs
  5 scorpions
  2 two-headed ogre simulacra (D:11)
  12 wights
  34 killer bees
  3 vampire bats (Lair:2)
  5 howler monkeys
  An electric eel (D:14)
  6 lava snakes
  A jelly (D:6)
  2 hounds
  7 orc priests
  5 iguanas
  Ijyb (D:4)
  17 orc wizards
  4 hell rats (Lair:3)
  A spriggan simulacrum (D:11)
  3 gnolls (D:5)
  10 adders
  A naga simulacrum (D:11)
  A shadow imp (D:7)
  A white imp (D:7)
  2 dart slugs
  76 orcs
  6 ball pythons
  13 bats
  9 endoplasms
  7 giant cockroaches
  4 goblins
  7 hobgoblins
  3 jackals (D:2)
  6 quokkas
  4 frilled lizards
  A jackal zombie (D:10)
  7 kobolds
  A kobold zombie (D:10)
  4 rats
820 creatures vanquished.

Vanquished Creatures (collateral kills)
  An orc warlord (Vaults:1)
  An ironbound preserver (Vaults:1)
  An ironbound thunderhulk (Vaults:1)
  The ghost of kal9871 the Geomancer, a journeyman FoEE of Sif Muna (D:11)
  A goliath frog (Swamp:1)
  4 deep trolls (Vaults:1)
  A necromancer (D:14)
  A will-o-the-wisp (Swamp:1)
  A black mamba (Lair:5)
  A molten gargoyle (Lair:5)
  A komodo dragon (D:11)
  A wyvern (Lair:5)
  A warg (Orc:2)
  An acid dragon (D:11)
  2 water moccasins (D:11)
  4 orc warriors
  A killer bee (D:11)
  An orc wizard (D:8)
  6 orcs
31 creatures vanquished.

Vanquished Creatures (others)
  A tengu conjurer (D:13)
  2 humans (Swamp:1)
  16 foxfires
19 creatures vanquished.

Grand Total: 870 creatures vanquished

Notes
Turn   | Place    | Note
-------+----------+-------------------------------------------
     0 | D:1      | Gargoyl the Gargoyle Berserker began the quest for the Orb.
     0 | D:1      | Reached XP level 1. HP: 14/14 MP: 1/1
   105 | D:1      | Reached XP level 2. HP: 18/19 MP: 2/2
   702 | D:2      | Reached XP level 3. HP: 24/24 MP: 3/3
   751 | D:2      | Reached ** piety under Trog
   768 | D:2      | Reached XP level 4. HP: 18/29 MP: 4/4
   812 | D:2      | Found Qyotz's Armour Shoppe.
  1512 | D:3      | Found a sacrificial altar of Ru.
  1527 | D:3      | Found a stormy altar of Qazlal.
  1541 | D:3      | Found an opulent altar of Gozag.
  1548 | D:3      | Found a bloodstained altar of Trog.
  1831 | D:3      | Found the +2 Maxwell's thermic engine {flame, freeze, rev}
  1880 | D:3      | Reached XP level 5. HP: 22/34 MP: 5/5
  2350 | D:4      | Noticed Menkaure
  2353 | D:4      | Killed Menkaure
  2354 | D:4      | Reached skill level 1 in Long Blades
  2354 | D:4      | Reached skill level 1 in Stealth
  2354 | D:4      | Reached XP level 6. HP: 39/39 MP: 6/6
  2529 | D:4      | Noticed Blork the orc
  2536 | D:4      | Killed Blork the orc
  2537 | D:4      | Reached skill level 2 in Long Blades
  2688 | D:4      | Noticed Pikel
  2698 | D:4      | Killed Pikel
  2699 | D:4      | Reached skill level 5 in Fighting
  2699 | D:4      | Reached skill level 4 in Long Blades
  2699 | D:4      | Reached XP level 7. HP: 21/44 MP: 7/7
  2856 | D:4      | Noticed Ijyb
  2860 | D:4      | Killed Ijyb
  2861 | D:4      | Reached XP level 8. HP: 49/49 MP: 8/8
  3041 | D:5      | Entered Level 5 of the Dungeon
  3090 | D:5      | Reached skill level 5 in Long Blades
  3343 | D:5      | Reached skill level 6 in Long Blades
  3594 | D:5      | Reached *** piety under Trog
  3603 | D:5      | Found an ancient bone altar of Kikubaaqudgha.
  3858 | D:6      | Reached XP level 9. HP: 52/55 MP: 9/9
  3902 | D:6      | Reached skill level 7 in Long Blades
  4145 | D:6      | Found a shimmering blue altar of Sif Muna.
  4280 | D:6      | Reached skill level 5 in Armour
  4708 | D:7      | Found an iron altar of Okawaru.
  4994 | D:7      | Found a staircase to the Ecumenical Temple.
  5171 | D:7      | Reached skill level 8 in Long Blades
  5246 | D:7      | Found a blossoming altar of Fedhas.
  5421 | D:8      | Identified a scroll of acquirement
  5421 | D:8      | Acquired the +4 kite shield of Sophism {+Blink rCorr Dex+3}
  5422 | D:8      | Noticed an elephant
  5442 | D:8      | Killed an elephant
  5443 | D:8      | Reached skill level 5 in Dodging
  5443 | D:8      | Reached XP level 10. HP: 61/61 MP: 10/10
  5463 | D:8      | Found a staircase to the Lair.
  5513 | D:8      | Reached **** piety under Trog
  5530 | D:8      | Found a glowing silver altar of Zin.
  5540 | D:8      | Noticed Joseph
  5558 | D:8      | Killed Joseph
  5559 | D:8      | Reached skill level 1 in Shields
  6476 | IceCv    | Identified the "Caidd"
  6476 | Lair:1   | Entered Level 1 of the Lair of Beasts
  6524 | Lair:1   | Noticed a cane toad
  6530 | Lair:1   | Killed a cane toad
  6531 | Lair:1   | Reached skill level 9 in Long Blades
  6828 | Lair:1   | Noticed a cane toad
  6839 | Lair:1   | Killed a cane toad
  6864 | Lair:1   | Noticed a black mamba
  6868 | Lair:1   | Killed a black mamba
  6882 | Lair:1   | Reached XP level 11. HP: 67/67 MP: 11/11
  7395 | Lair:2   | Noticed a skyshark
  7410 | Lair:2   | Killed a skyshark
  7599 | Lair:2   | Reached skill level 10 in Long Blades
  7726 | Lair:2   | Found a hole to the Spider Nest.
  7857 | Lair:2   | Found a staircase to the Swamp.
  8376 | Lair:3   | Reached skill level 5 in Shields
  8488 | Lair:3   | Noticed a catoblepas
  8489 | Lair:3   | Noticed a skyshark
  8499 | Lair:3   | Killed a skyshark
  8524 | Lair:3   | Reached skill level 5 in Stealth
  8529 | Lair:3   | Reached XP level 12. HP: 63/72 MP: 12/12
  8571 | Lair:3   | Noticed a seven-headed hydra
  8581 | Lair:3   | Killed a three-headed hydra
  8849 | Lair:3   | Reached skill level 11 in Long Blades
  9223 | Lair:3   | Killed a catoblepas
  9223 | Lair:3   | Reached ***** piety under Trog
  9579 | Lair:4   | Found a broken altar of Ashenzari.
  9775 | Lair:4   | Noticed a skyshark
  9794 | Lair:4   | Killed a skyshark
  9870 | Lair:4   | Noticed a seven-headed hydra
  9877 | Lair:4   | Killed a three-headed hydra
 10054 | Lair:4   | Reached XP level 13. HP: 77/78 MP: 13/13
 10100 | Lair:4   | Found a viscous altar of Jiyva.
 10101 | Lair:4   | Found a staircase to the Slime Pits.
 10421 | Lair:4   | Reached skill level 12 in Long Blades
 10531 | Lair:5   | Entered Level 5 of the Lair of Beasts
 10583 | Lair:5   | Reached skill level 10 in Armour
 10674 | Lair:5   | Noticed a dire elephant
 10686 | Lair:5   | Killed a dire elephant
 11505 | Lair:5   | Gained mutation: Your large and strong wings let you fly.
                  | [Gargoyle growth]
 11505 | Lair:5   | Reached XP level 14. HP: 74/86 MP: 14/14
 11524 | Lair:5   | Found a large runed translucent door.
 11525 | Lair:5   | Found a large runed translucent door.
 11903 | D:9      | Reached skill level 13 in Long Blades
 11933 | D:9      | Found a hazy altar of Hepliaklqana.
 12168 | D:9      | Identified the ring of Symmetry {Will+ rCorr}
 12275 | D:9      | Noticed Maggie
 12284 | D:9      | Killed Maggie
 12286 | D:9      | Received a gift from Trog
 12340 | D:9      | Noticed Maurice
 12352 | D:9      | Killed Maurice
 12559 | D:10     | Entered Level 10 of the Dungeon
 12609 | D:10     | Found a white marble altar of Elyvilon.
 12670 | D:10     | Found a glowing golden altar of the Shining One.
 13371 | D:10     | Found a runed translucent door.
 13375 | D:10     | Found a basalt altar of Yredelemnul.
 13519 | D:11     | Found a portal to a secret trove of treasure.
 13587 | D:11     | Noticed Snorg
 13604 | D:11     | Killed Snorg
 13605 | D:11     | Found a frozen archway.
 13692 | D:11     | Found Esaemin's General Store.
 13924 | D:11     | Reached skill level 10 in Dodging
 14267 | D:11     | Noticed kal9871's ghost (journeyman FoEE)
 14291 | D:11     | Found a transporter.
 14306 | D:11     | Found a transporter.
 14324 | D:11     | Found a shimmering altar of Xom.
 14388 | D:11     | Found a staircase to the Orcish Mines.
 14645 | D:11     | Killed kal9871's ghost
 14651 | D:11     | Reached skill level 10 in Shields
 14664 | D:11     | Identified the +6 bardiche "Bytyelat" {heavy, rC+}
 15046 | D:12     | Found a transporter.
 15048 | D:12     | Found a transporter.
 15050 | D:12     | Found a transporter.
 15167 | D:12     | Reached skill level 5 in Axes
 15192 | D:12     | Found a transporter.
 15864 | D:13     | Noticed Rupert
 15879 | D:13     | Paralysed by Rupert for 4 turns
 16170 | D:13     | Killed Rupert
 16363 | D:13     | Reached XP level 15. HP: 92/92 MP: 15/15
 17150 | D:14     | Reached skill level 10 in Fighting
 17681 | D:14     | Received a gift from Trog
 17716 | D:14     | Found a gate to the Vaults.
 17743 | D:14     | Reached skill level 14 in Long Blades
 17914 | D:15     | Entered Level 15 of the Dungeon
 18417 | D:15     | Found Wetty's Demolitions Depot.
 18463 | D:15     | Received a gift from Trog
 18661 | D:15     | Found a staircase to the Depths.
 19044 | D:15     | Found a runed translucent gate.
 19044 | D:15     | Found a runed translucent gate.
 19044 | D:15     | Found a runed translucent gate.
 19045 | D:15     | Noticed an azure jelly
 19046 | D:15     | Noticed a rockslime
 19047 | D:15     | Noticed dertzug's ghost (journeyman TrSh)
 19047 | D:15     | Noticed an azure jelly
 19051 | D:15     | Found a viscous altar of Jiyva.
 19074 | D:15     | Killed a rockslime
 19075 | D:15     | Killed an azure jelly
 19080 | D:15     | Killed an azure jelly
 19084 | D:15     | Reached XP level 16. HP: 99/99 MP: 4/16
 19288 | D:15     | Killed dertzug's ghost
 19630 | Orc:1    | Entered Level 1 of the Orcish Mines
 19980 | Orc:1    | Found a runed translucent door.
 19998 | Orc:1    | Noticed Cois's ghost (journeyman DsGl)
 20623 | Orc:1    | Killed Cois's ghost
 20649 | Orc:2    | Entered Level 2 of the Orcish Mines
 20710 | Orc:2    | Found a staircase to the Elven Halls.
 20833 | Orc:2    | HP: 3/99 [orc warrior/+0 trident (8)]
 20843 | Orc:2    | HP: 3/99 [troll (5)]
 21168 | Orc:2    | Found Mamm's Antique Weapon Emporium.
 21282 | Orc:2    | Found Zylec's Jewellery Boutique.
 21682 | Orc:2    | Found Abremuh's Weapon Emporium.
 21682 | Orc:2    | Found Zoelaff's Jewellery Boutique.
 22381 | Swamp:1  | Entered Level 1 of the Swamp
 22784 | Swamp:1  | Noticed Mlioglotl
 22797 | Swamp:1  | Killed Mlioglotl
 22845 | Swamp:1  | Noticed Kirke
 22864 | Swamp:1  | Killed Kirke
 23075 | Swamp:2  | Reached skill level 15 in Long Blades
 23691 | Swamp:2  | Found a runed translucent door.
 23697 | Swamp:2  | Noticed ChronoRanger's ghost (journeyman MiFi)
 23862 | Swamp:2  | Killed ChronoRanger's ghost
 24515 | Swamp:4  | Identified the "Robot"
 24515 | Swamp:4  | Entered Level 4 of the Swamp
 24528 | Swamp:4  | Reached XP level 17. HP: 104/104 MP: 17/17
 24792 | Swamp:4  | Reached skill level 1 in Throwing
 25869 | Swamp:4  | Got a decaying rune of Zot
 26153 | Vaults:1 | Entered Level 1 of the Vaults
 26409 | Vaults:1 | Gained mutation: Your movements are slightly less
                  | encumbered by armour. (ER -2) [potion of mutation]
 26410 | Vaults:1 | Upgraded the game from 0.31-a0-1008-g5b978dac0e to
                  | 0.31-a0-1066-g35875b34c7
 26458 | Vaults:1 | Noticed a lich
 26469 | Vaults:1 | Killed a lich
 26675 | Vaults:1 | Slain by a vault guard

Illustrated notes

Levels and vault maps discovered:
D:1:      tarquinn_simple_flora_water_f, layout_loops_ring,
          minmay_strange_pillars, palyth_stone_intersect
D:2:      layout_basic, serial_shops, nicolae_shop_just_a_little_nook
D:3:      layout_basic, nicolae_overflow_macrodata_refinement,
          kennysheep_small_spiral
D:4:      layout_loops_ring, uniq_pikel, uniq_ijyb, uniq_menkaure,
          uniq_blork_the_orc
D:5:      layout_basic, kiku_gazebo_pond_becter
D:6:      cheibrodos_steamvent, layout_basic, nicolae_sif_muna_condensation
D:7:      layout_basic, lemuel_round_altar, mainiacjoe_overflow_cross_hatched,
          temple_pool_b
D:8:      layout_basic, lemuel_crystal_altar, david_lair_generic, uniq_joseph
D:9:      layout_cave_pools, overflow_temple_1_default, serial_glass,
          glass_columns_b, glass_columns_c, glass_columns_c, glass_columns_a,
          glass_columns_c, glass_columns_c, glass_columns_b, glass_columns_c,
          due_unseen_surprise, minmay_strange_pillars, minmay_strange_pillars,
          unseen_surprise_small, uniq_maurice, uniq_maggie
D:10:     layout_long_grid, nicolae_elyvilon_temple_path,
          mainiacjoe_overflow_tiny_flanked, dk_yredelemnul_ordeal,
          serial_rivers, chequers_serial_rivers_micro_b,
          chequers_serial_rivers_large_b, chequers_serial_rivers_small_a,
          chequers_serial_rivers_small_3, chequers_serial_rivers_micro_c,
          chequers_serial_rivers_small_3, minmay_mirror_moons_of_madness
D:11:     layout_long_grid, david_orc_4, serial_shops, shop,
          portal_ice_cave_entry_ice_simulacra,
          gammafunk_ghost_berserking_beasts, nicolae_trove_entry_free_sample,
          xom_teletrap_fun, uniq_snorg
D:12:     layout_roguey, special_room [special_room_bee],
          nicolae_diode_quadrants
D:13:     layout_loops_ring, serial_shops, bzr_entry_dummy, uniq_rupert
D:14:     layout_loops_cross, grunt_vaults_entry_tiered, serial_bayou_pond_b
D:15:     gammafunk_enter_depths_forms, layout_loops_ring,
          hangedman_decor_growths, gammafunk_ghost_ooze, nicolae_blasting_shop
Lair:1:   layout_chaotic_city
Lair:2:   layout_hall_layers, minmay_swamp_entry_worms, spider_nest_entry_a,
          grunt_forest_small_clearings, roderic_batcave
Lair:3:   layout_roguey, minivault_23, forest_entry_grove, grunt_megastairs_4
Lair:4:   layout_cave_pods, slime_entry_1, basic_altar
Lair:5:   cheibrodos_lair_end_hotspot, layout_cave_pods, serial_bayou_pond_d
Swamp:1:  layout_basic_swamp, nicolae_swamp_some_circles, swamp_pool_3,
          uniq_mlioglotl, uniq_kirke
Swamp:2:  layout_basic_swamp, gammafunk_ghost_grave,
          evilmike_swamp_ruin_rubble_1
Swamp:3:  layout_basic_swamp, nicolae_swamp_tree_designs
Swamp:4:  swamp_basic_johnstein, layout_basic_swamp
Orc:1:    layout_diamond_mine, gammafunk_ghost_grave, nicolae_orc_bridge_out,
          hellmonk_talismancer
Orc:2:    st_orc_town, layout_caves, enter_volcano_2
Vaults:1: nicolae_vaults_weapon_check, nicolae_vaults_bisected_inception,
          hangedman_vaults_corner_blocks, nicolae_vaults_closet_pinwheel_5,
          v_alt_pattern_1, nicolae_vaults_trapezoid_2, vaults_room_pool,
          minmay_orc_keep, st_octagons_2, ontoclasm_vaults_tryst,
          ontoclasm_vaults_ring_square, ontoclasm_vaults_decontamination,
          v_pattern_5, nicolae_vaults_trapezoid_4, vaults_standard_mumra_x,
          ontoclasm_vaults_eye, nicolae_vaults_double_plus_2, layout_vaults_ring

Skill      XL: |  1  2  3  4  5  6  7  8  9 10 11 12 13 14 15 16 17 |
---------------+----------------------------------------------------+-----
Axes           | 3 4 5 |  5.0
Fighting       | 4 5 6 7 8 9 10 11 12 | 12.2
Dodging        | 2 3 5 6 7 8 9 10 11 12 13 | 13.0
Long Blades    | 1 4 6 8 9 10 11 12 13 14 15 | 15.9
Stealth        | 1 2 3 4 5 6 |  6.8
Armour         | 4 5 7 8 9 10 12 13 14 | 14.7
Shields        | 2 5 7 9 10 11 13 | 13.8
Throwing       | 1 |  1.1

Action                     |  1- 3 |  4- 6 |  7- 9 | 10-12 | 13-15 | 16-18 || total
---------------------------+-------+-------+-------+-------+-------+-------++-------
  Melee: Hand axe          |    90 |    85 |       |       |       |       ||   175
         Punch             |     1 |     3 |     1 |       |       |       ||     5
         Double sword      |       |    65 |   155 |   493 |   982 |   884 ||  2579
         Broad axe         |       |       |       |       |    49 |       ||    49
  Throw: Dart              |       |       |     1 |     2 |     3 |     3 ||     9
 Invoke: Berserk           |     1 |     2 |     6 |     3 |    14 |    12 ||    38
         Trog's Hand       |       |       |     2 |     8 |    11 |     9 ||    30
         Brothers in Arms  |       |       |       |     1 |     5 |     7 ||    13
  Evoke: Wand              |       |       |       |       |     2 |       ||     2
    Use: Scroll            |     4 |     7 |     5 |    15 |     7 |     7 ||    45
         Potion            |       |       |     1 |       |     1 |    10 ||    12
   Stab: Sleeping          |     1 |     2 |     3 |     7 |     8 |    12 ||    33
         Distracted        |       |       |       |     1 |     1 |     3 ||     5
         Petrified         |       |       |       |     4 |       |       ||     4
         Petrifying        |       |       |       |     1 |       |       ||     1
 Armour: Animal skin       |    65 |    85 |       |       |       |       ||   150
         Ring mail         |       |    26 |    68 |       |       |       ||    94
         Skin              |       |       |    23 |       |       |       ||    23
         Steam dragon scal |       |       |    58 |   220 |   482 |   292 ||  1052
  Dodge: Dodged            |    52 |   110 |    76 |   216 |   489 |   458 ||  1401
  Block: Kite shield       |       |       |     6 |   529 |  1174 |   987 ||  2696
         Reflection        |       |       |       |     4 |    51 |    20 ||    75

Table legend: (Time is in decaauts)
 A = Elapsed time spent in this place.
 B = Non-inter-level travel time spent in this place.
 C = Inter-level travel time spent in this place.
 D = Time resting spent in this place.
 E = Time spent auto-exploring this place.
 F = Levels seen in this place.
 G = Mean time per level.
                   A        B        C        D        E       F      G
               +--------+--------+--------+--------+--------+-----+--------+
         Total |  26914 |  25485 |   1429 |   2376 |  16624 |  27 |  996.8 |
       Dungeon |  14687 |  13809 |    878 |    804 |   9613 |  15 |  979.1 |
          Lair |   5570 |   5269 |    301 |    295 |   3438 |   5 | 1114.0 |
         Swamp |   3561 |   3369 |    192 |    648 |   1893 |   4 |  890.2 |
  Orcish Mines |   2597 |   2542 |     55 |    487 |   1465 |   2 | 1298.5 |
        Vaults |    497 |    497 |      0 |    141 |    215 |   1 |  497.0 |
               +--------+--------+--------+--------+--------+-----+--------+

Top non-repeatable levels by time:
    D:15: 1617 daAuts
   Orc:2: 1557 daAuts
    D:11: 1428 daAuts
 Swamp:4: 1392 daAuts
  Lair:3: 1299 daAuts
  Lair:5: 1281 daAuts
    D:13: 1249 daAuts
    D:14: 1143 daAuts
     D:8: 1091 daAuts
  Lair:4: 1072 daAuts
   Orc:1: 1039 daAuts
  Lair:2: 1018 daAuts
    D:10: 1003 daAuts
     D:3: 935 daAuts
  Lair:1: 899 daAuts
